 Dungeon Crawl Stone Soup version 0.22-a0-307-g2b15929 (webtiles) character file.

38 xccam the Chopper (level 3, -3/29 HPs)
             Began as a Formicid Fighter on Apr 1, 2018.
             Slain by an orc wizard
             ... wielding a +0 dagger
              (4 damage)
             ... on level 2 of the Dungeon.
             The game lasted 00:01:15 (641 turns).

xccam the Chopper (Formicid Fighter)                 Turns: 641, Time: 00:01:16

Health: -3/29      AC:  6    Str: 26    XL:     3   Next: 65%
Magic:  3/3        EV:  8    Int:  7    God:
Gold:   49         SH: 10    Dex: 10    Spells: 2/2 levels left

rFire    . . .     SeeInvis +   a - +0 war axe
rCold    . . .     Gourm    .   c - +0 shield
rNeg     . . .     Faith    .   b - +0 scale mail
rPois    .         Spirit   .   (helmet unavailable)
rElec    .         Reflect  .   (no cloak)
rCorr    .         Harm     .   (no gloves)
MR       .....                  (no boots)
Stlth    ..........             (no amulet)
HPRegen  0.09/turn              (no ring)
MPRegen  0.08/turn              (no ring)

@: mighty
A: permanent stasis, dig shafts and tunnels, four strong arms, antennae 3
a: Dig, Shaft Self


You were on level 2 of the Dungeon.
You were not hungry.

You visited 1 branch of the dungeon, and saw 2 of its levels.

You collected 49 gold pieces.

Inventory:

Hand Weapons
 a - a +0 war axe (weapon)
Armour
 b - a +0 scale mail (worn)
 c - a +0 shield (worn)
Scrolls
 e - 3 scrolls of immolation {unknown}
 h - 2 scrolls of identify {unknown}
 l - 3 scrolls of amnesia {unknown}
Potions
 g - a potion of berserk rage {unknown}
 i - a potion of magic {unknown}
 j - a potion of ambrosia {unknown}
 k - a potion of brilliance {unknown}
Comestibles
 f - 3 rations


   Skills:
 - Level 3.2 Fighting
 + Level 3.7 Axes
 - Level 3.2 Armour
 - Level 3.6 Shields


You had 2 spell levels left.
You didn't know any spells.

Dungeon Overview and Level Annotations

Branches:
Dungeon (2/15)

Altars:


Innate Abilities, Weirdness & Mutations

You cannot be hasted, slowed, berserked, paralysed or teleported.
You can dig through walls and to a lower floor.
Your four strong arms can wield two-handed weapons with a shield.
You have a pair of large antennae on your head. (SInv)


Message History

You closely miss the orc wizard.
The orc wizard is heavily wounded.
The orc wizard gestures at you while chanting.
You block the puff of flame. The orc hits you but does no damage.
You hit the orc wizard.
The orc wizard is almost dead.
The orc wizard gestures wildly while chanting.
The orc wizard flickers and vanishes for a moment.
The orc hits you from afar with a trident.
* * * LOW HITPOINT WARNING * * *
The orc wizard hits you with a dagger.
* * * LOW HITPOINT WARNING * * *
You barely miss the orc wizard.
The orc wizard is severely wounded.
The orc hits you from afar with a trident.
* * * LOW HITPOINT WARNING * * *
You block the orc wizard's attack.
You feel very mighty all of a sudden. You block the orc's attack.
The orc wizard hits you with a dagger.
You die...

.........#
.###.....# #
#.######..# #.
#........<# ##
.########...## .. ..
##.....## ##.#.
##.......#
###....###......(..#
......wooo@........+
##.....###.........#
......ยง ##.......##
.....## ##.....##
##.#. ##...## # .
#+## #


You could see an orc wizard (invisible), a dart slug and 2 orcs.

Vanquished Creatures
  2 orcs (D:2)
  4 giant cockroaches (D:1)
  5 goblins
  5 hobgoblins
  5 bats
  2 frilled lizards
  6 kobolds (D:1)
  A rat (D:1)
30 creatures vanquished.

Notes
Turn   | Place    | Note
-------+----------+-------------------------------------------
     0 | D:1      | xccam the Formicid Fighter began the quest for the Orb.
     0 | D:1      | Reached XP level 1. HP: 18/18 MP: 1/1
    53 | D:1      | Reached XP level 2. HP: 23/24 MP: 2/2
   255 | D:1      | Reached XP level 3. HP: 29/29 MP: 3/3
   640 | D:2      | HP: 1/29 [orc/trident (6)]
   641 | D:2      | Slain by an orc wizard

Vault maps used:
D:1:      erik_arrival_blinker_ship, serial_corexii_hall,
          corexii_hall_statues_s, corexii_hall_statues_x

Skill      XL: |  1  2 |
---------------+-------+-----
Axes           | 3 |  3.7
Fighting       | |  3.2
Armour         | |  3.2
Shields        | |  3.6

Action                   || total
-------------------------++-------
Melee: War axe           ||    91
  Use: Potion            ||     1
Armor: Scale mail        ||    36
Dodge: Dodged            ||    37
Block: Shield            ||    67

Table legend:
 A = Spawn XP
 B = Non-spawn XP
 C = Spawn XP percentage of total XP
 D = Spawn monster count
 E = Non-spawn monster count
 F = Spawn count percentage of total count
 G = Total turns spent on level
                    A         B        C        D         E        F      G
               +---------+---------+-------+---------+---------+-------+---------
         Total |       0 |      55 |   0.0 |       0 |      30 |   0.0 |   641
               +---------+---------+-------+---------+---------+-------+---------
           D:1 |       0 |      42 |   0.0 |       0 |      24 |   0.0 |   549
           D:2 |       0 |      13 |   0.0 |       0 |       6 |   0.0 |    92
               +---------+---------+-------+---------+---------+-------+---------
